AoeStats
← joseantonioibanez8

MegaRandom

510216611Analyzed
4v4 RM · 19h ago on Sep 30, 2026· 36m 38s· 8 players
Game mode
Random Map
Map size
Large (8 player)
Population
200
Speed
Normal
Resources
Standard
Victory
Conquest
Starting age
Dark Age
Ending age
Imperial Age
RankedLock teamsTeams togetherTeam positionsShared explorationLock speedFull tech treeHidden civsTurbo modeCheats
Victory
Defeat
🇲🇽 Turks · Mexico
832
+14
🇨🇱 Lithuanians · Chile
734
+18
🇺🇸 Gurjaras · United States
691
+20
🇨🇴 Teutons · Colombia
681
+20
🇨🇦 Aztecs · Canada
820
-20
🇨🇦 Poles · Canada
770
-18
🇺🇸 Khmer · United States
764
-17
🇨🇴 Byzantines · Colombia
763
-17
Horizon
10:50 Loom
12:35 Feudal Age
15:56 Castle Age
19:00 Wheelbarrow
thomasvienneau360
13:11 Feudal Age
13:56 Double-Bit Axe
16:28 Town Watch
19:20 Man-at-Arms
20:41 Wheelbarrow
32:49 Castle Age
30:56 Padded Archer Armor
30:57 Scale Mail Armor
31:07 Forging
30:48 Fletching
31:04 Scale Barding Armor
Coffee Bean
8:46 Feudal Age
9:25 Horse Collar
9:32 Double-Bit Axe
17:44 Castle Age
18:32 Wheelbarrow
20:12 Heavy Plow
30:40 Imperial Age
28:08 Loom
30:08 Forging
30:02 Scale Mail Armor
31:51 Iron Casting
31:14 Gold Mining
31:16 Stone Mining
31:08 Treadmill Crane
31:53 Chain Mail Armor
32:06 Conscription
32:09 Garland Wars
32:09 Squires
31:54 Arson
33:51 Blast Furnace
32:59 Elite Jaguar Warrior
34:54 Plate Mail Armor
36:02 Pikeman
santiago14_asd
1:34 Loom
12:16 Feudal Age
18:03 Castle Age
27:41 Double-Bit Axe
Babymunch x
11:04 Feudal Age
11:43 Loom
12:41 Double-Bit Axe
17:20 Fletching
20:51 Castle Age
21:37 Crossbowman
22:23 Thumb Ring
27:28 Murder Holes
30:46 Wheelbarrow
36:17 Imperial Age
35:23 Caravan
36:49 Bodkin Arrow
36:59 Scale Barding Armor
36:50 Horse Collar
37:24 Bow Saw
joseantonioibanez8
1:31 Loom
9:04 Feudal Age
10:10 Double-Bit Axe
13:08 Wheelbarrow
17:32 Castle Age
16:35 Horse Collar
20:28 Bow Saw
32:44 Imperial Age
30:32 Gold Mining
30:55 Heavy Plow
32:26 Hand Cart
33:09 Gold Shaft Mining
Aquiles Bai Loyo
2:35 Loom
11:35 Feudal Age
17:13 Castle Age
18:39 Husbandry
21:03 Stone Mining
24:46 Horse Collar
25:27 Double-Bit Axe
27:21 Wheelbarrow
29:53 Scale Barding Armor
29:58 Forging
29:54 Heavy Plow
30:09 Bow Saw
34:59 Imperial Age
33:20 Caravan
sublimingleek
10:43 Feudal Age
11:09 Double-Bit Axe
11:09 Horse Collar
12:56 Man-at-Arms
15:34 Scale Mail Armor
17:56 Forging
21:09 Castle Age
19:38 Stone Mining
23:02 Heavy Plow
23:45 Bow Saw
24:39 Wheelbarrow
27:42 Hand Cart
28:14 Long Swordsman
29:32 Iron Casting
29:31 Chain Mail Armor
32:50 Pikeman
36:37 Imperial Age
Connection lost

Rejoining the realm…

Still unreachable

The connection could not be restored.

Session expired

The server has moved on; the page needs a fresh start.